Map: 포트 알렉산더 - 래더

Players

Maru - Winner!

  • Race: Terran Terran
  • Spawn Location: 11:00

dark

  • Race: Zerg Zerg
  • Spawn Location: 5:00

Event: IEM Season 13: Katowice (2019)

VOD

Have the link to the VOD?

Description

Time

  • Played on: Feb. 28, 2019, 1:57 p.m.
  • Length: 20:42

All games in this series

Show
View Real Time Build Order
Export as new Build Order

Maru Terran - Winner!

Build Orders: Gas First Reaper Expand, Hellion Banshee 

Get SALT Encoding   

  12  0:00  SCV  
  13  0:12  SCV  
  14  0:17  Supply Depot  
  14  0:25  SCV  
  15  0:31  Refinery  
  15  0:39  SCV  
  16  0:45  Barracks  
  16  0:51  SCV  
  17  1:03  SCV  
  18  1:15  SCV  
  19  1:31  Orbital Command, Reaper  
  20  1:43  Command Center  
  20  1:54  Factory  
  20  1:58  SCV  
  21  2:08  Barracks Reactor  
  21  2:10  SCV  
  21  2:15  Supply Depot  
  22  2:16  Refinery  
  22  2:22  SCV  
  23  2:36  SCV  
  24  2:44  Starport  
  24  2:48  SCV  
  25  2:52  Hellion x2  
  25  2:54  Barracks Tech Lab  
  25  2:56  Orbital Command  
  29  3:00  SCV  
  30  3:13  SCV, Hellion x2  
  35  3:21  SCV  
  35  3:25  Marine  
  37  3:27  Cloaking Field  
  37  3:31  Banshee  
  37  3:32  SCV  
  37  3:34  SCV  
  42  3:37  Supply Depot  
  42  3:44  SCV  
  42  3:46  SCV  
  42  3:47  Hellion  
  46  3:59  Supply Depot  
  46  4:00  SCV x2  
  49  4:04  Barracks Tech Lab  
  48  4:10  Hellion  
  48  4:12  SCV x2  
  52  4:21  Banshee  
  55  4:24  SCV, Command Center  
  55  4:26  SCV  
  55  4:28  Marine  
  58  4:31  Stimpack  
  58  4:36  SCV  
  58  4:38  SCV  
  60  4:39  Supply Depot  
  60  4:41  Factory Reactor  
  60  4:48  SCV  
  60  4:50  SCV, Bunker  
  62  5:00  Marine, SCV  
  62  5:02  SCV, Barracks  
  65  5:08  Engineering Bay, Barracks  
  65  5:09  Supply Depot, Engineering Bay  
  65  5:13  SCV  
  66  5:14  SCV  
  66  5:20  Refinery  
  67  5:24  Starport Reactor  
  67  5:25  SCV  
  67  5:26  SCV  
  69  5:30  Siege Tank  
  69  5:35  Terran Infantry Weapons Level 1, Terran Infantry Armor Level 1  
  72  5:36  Orbital Command  
  72  5:37  SCV  
  72  5:40  Refinery, Marine  
  72  5:41  SCV  
  75  5:52  SCV  
  76  5:58  Marine  
  76  6:00  Barracks  
  76  6:01  Marine x3, Barracks  
  76  6:02  Marine  
  76  6:03  Medivac  
  83  6:11  Medivac  
  85  6:12  SCV  
  85  6:14  Orbital Command  
  85  6:15  SCV  
  85  6:16  Marine  
  85  6:18  Supply Depot  
  88  6:22  Marine x2, Siege Tank  
  93  6:30  SCV x2  
  92  6:33  Marine  
  92  6:34  Combat Shield  
  92  6:35  Supply Depot  
  92  6:36  Supply Depot  
  92  6:39  SCV  
  94  6:42  SCV x2  
  94  6:44  Marine x4  
  100  6:51  SCV  
  101  6:54  Barracks Reactor  
  101  6:55  Barracks Reactor  
  101  6:56  Marine  
  101  6:57  Refinery, SCV, Medivac x2  
  101  6:59  Refinery  
  101  7:00  Supply Depot x2  
  107  7:01  Marine  
  107  7:02  Marine x2, SCV  
  107  7:06  Armory  
  111  7:09  SCV x2  
  111  7:11  Marine  
  111  7:14  Marine  
  115  7:19  Marine  
  115  7:20  Marine  
  115  7:21  Marine, Siege Tank  
  121  7:27  SCV  
  121  7:29  Marine, Medivac  
  125  7:30  SCV x2  
  125  7:32  Marine  
  128  7:39  Marine x2  
  128  7:40  Marine x2  
  128  7:43  Supply Depot  
  131  7:44  Supply Depot  
  131  7:45  Supply Depot  
  131  7:48  SCV x2  
  133  7:51  Marine x3  
  133  7:52  Medivac  
  133  7:53  Siege Tank  
  141  8:04  SCV x2, Medivac  
  145  8:09  Marine  
  145  8:10  Marine x3, Marauder, Command Center  
  151  8:16  SCV, Factory  
  151  8:19  SCV  
  152  8:22  Command Center  
  146  8:30  Marine x8  
  146  8:31  Marine, Medivac  
  157  8:34  Medivac  
  157  8:36  SCV  
  157  8:37  Siege Tank  
  157  8:40  Supply Depot  
  163  8:41  Supply Depot  
  163  8:48  SCV  
  164  8:49  Terran Infantry Armor Level 2, Terran Infantry Weapons Level 2  
  164  8:50  Terran Vehicle Weapons Level 1  
  164  8:52  Marine  
  165  9:01  Marine x3  
  165  9:02  Marauder  
  170  9:07  Marine x2  
  166  9:11  Marine  
  166  9:14  Marine x2  
  144  9:23  Siege Tank, Marauder  
  142  9:24  Factory Tech Lab  
  142  9:27  Medivac x2  
  142  9:31  Marine x7  
  146  9:36  Barracks  
  146  9:37  Barracks  
  153  9:40  Barracks  
  153  9:44  Siege Tank, Marauder  
  158  9:51  Marine x7  
  165  9:55  Siege Tank  
  168  10:02  Liberator x2  
  168  10:04  Marine  
  168  10:06  Marauder  
  171  10:08  Marine  
  171  10:09  Marine  
  174  10:23  Planetary Fortress x2  
  174  10:24  Starport  
  174  10:25  SCV x2, Starport  
  174  10:26  Refinery x2, SCV  
  174  10:27  Marauder  
  166  10:37  SCV  
  166  10:38  Siege Tank x2  
  166  10:40  Barracks Tech Lab x2  
  166  10:41  Barracks Tech Lab  
  170  10:44  Marine  
  170  10:45  Marine, Liberator x3  
  170  10:49  Marauder  
  174  10:50  Marine x6  
  180  11:02  Marine  
  190  11:10  Marauder  
  190  11:11  Marine, Concussive Shells, Marauder x3  
  199  11:24  Siege Tank  
  199  11:27  Terran Infantry Weapons Level 3  
  199  11:39  Marine, Marauder  
  183  11:41  Marine x5, Marauder x2  
  183  11:42  Marine x2  
  183  11:44  Refinery  
  183  11:45  Refinery  
  183  11:46  Command Center  
  193  11:53  Starport Reactor, Starport Tech Lab  
  193  11:56  Fusion Core  
  193  11:57  Marine, Marauder  
  194  12:02  Marine  
  194  12:03  Marine, Marauder x2  
  194  12:04  Liberator x2  
  200  12:15  Terran Infantry Armor Level 3  
  196  12:19  Siege Tank x2  
  178  12:26  Ghost Academy  
  175  12:30  Marine x2, Marauder x2  
  175  12:33  Marine x5, Marauder x2  
  187  12:45  Advanced Ballistics  
  187  12:49  Liberator  
  187  12:51  Siege Tank x2  
  187  12:52  Marine x2, Marauder  
  187  12:53  Marauder  
  196  13:01  Marauder x2  
  196  13:10  Marine  
  198  13:15  Liberator, Marauder  
  198  13:16  Marauder  
  192  13:22  Marauder  
  192  13:23  Siege Tank x2  
  192  13:24  Marine  
  192  13:27  Marine, Marauder  
  190  13:33  Terran Vehicle Weapons Level 2  
  189  13:37  Marauder  
  189  13:40  Liberator  
  169  13:41  Marine x4  
  169  13:42  Marauder  
  169  13:44  Planetary Fortress, Marauder  
  169  13:47  SCV x2  
  158  13:49  Marauder  
  150  13:55  Siege Tank  
  150  13:58  Marauder  
  150  14:00  Siege Tank  
  150  14:02  SCV x2  
  154  14:10  Liberator  
  154  14:14  Medivac x3  
  154  14:15  Marauder x2  
  154  14:16  Marauder  
  166  14:20  Marauder  
  166  14:22  SCV x2  
  166  14:23  Liberator, SCV x2  
  172  14:27  Liberator x3  
  172  14:30  Siege Tank  
  178  14:37  Sensor Tower, Marauder x2  
  182  14:44  Marine x2, Marauder x2  
  200  15:02  Liberator, Command Center  
  200  15:04  Command Center  
  200  15:06  Liberator  
  200  15:09  Liberator  
  186  15:20  Ghost x4  
  187  15:21  Marine x3  
  194  15:31  Liberator  
  194  15:35  Marine  
  192  15:42  Siege Tank  
  186  15:46  Marine  
  186  15:47  Marine  
  186  15:48  Siege Tank  
  186  15:49  Marauder x2  
  181  15:50  Terran Ship Weapons Level 1, Marauder  
  181  15:55  Liberator x2  
  166  16:00  Liberator  
  166  16:01  Marine x2  
  166  16:02  Marauder  
  166  16:04  Marine  
  154  16:11  Liberator, Marauder x3  
  158  16:13  Marine  
  158  16:14  Marine, Siege Tank  
  161  16:19  Orbital Command x2  
  161  16:20  Siege Tank  
  161  16:23  Marauder  
  165  16:27  Marine  
  165  16:29  Marine x2  
  165  16:32  Marauder x3  
  174  16:41  Marine x2  
  174  16:45  Marauder  
  174  16:46  Siege Tank  
  181  16:48  Viking  
  181  16:50  Marine  
  181  16:51  Marine  
  181  16:52  Siege Tank  
  181  16:54  Marauder x3  
  194  16:55  Viking x2  
  196  17:06  Marauder  
  168  17:09  Marine  
  168  17:13  Medivac x2  
  168  17:14  Marine  
  168  17:15  Marine x3, Marauder x3  
  175  17:18  Siege Tank, Viking  
  180  17:27  Ghost  
  182  17:36  Ghost x2  
  186  17:39  Marine x2, Missile Turret x3, Marauder  
  186  17:41  Missile Turret  
  193  17:44  Siege Tank, Terran Vehicle And Ship Armor Level 1  
  193  17:47  Personal Cloaking  
  193  17:48  Command Center  
  193  17:56  Marauder  
  195  18:01  Marauder  
  195  18:04  Sensor Tower, Ghost  
  199  18:12  Marine  
  200  18:19  Liberator x2  
  199  18:24  Liberator  
  199  18:25  Liberator x2  
  171  18:27  Marine x2  
  171  18:28  Marauder x2  
  141  18:39  Marine x2  
  141  18:40  Marine, Marauder x2  
  138  18:46  Marine x5, Armory  
  138  18:48  Refinery x2, SCV x3  
  155  18:49  Marauder x2  
  159  18:57  Marine x2  
  159  18:58  Siege Tank  
  159  18:59  Marine  
  159  19:01  Marauder x2  
  159  19:02  Liberator x2  
  169  19:04  Marine x3  
  169  19:07  Liberator  
  172  19:11  Marauder x2  
  172  19:13  Marine x2  
  172  19:14  Liberator  
  172  19:15  Marine  
  179  19:20  Planetary Fortress  
  179  19:23  Marauder x2  
  189  19:30  Sensor Tower  
  192  19:35  Missile Turret  
  192  19:37  Missile Turret  
  195  19:39  Marine  
  195  19:40  Marauder x2  
  195  19:43  Refinery x2  
  200  19:56  Marine x2, Marauder x2  
  194  20:07  Marine x2, Marauder  
  183  20:22  Marine x2  
  183  20:24  Marine  
Show
View Real Time Build Order
Export as new Build Order

dark Zerg 

Build Orders: Hatch First 

Get SALT Encoding   

  12  0:00  Drone  
  13  0:12  Overlord  
  13  0:20  Drone  
  14  0:31  Drone x2  
  17  0:35  Drone  
  17  0:52  Hatchery  
  17  0:55  Drone  
  17  0:58  Drone  
  18  1:10  Extractor  
  17  1:14  Spawning Pool  
  17  1:17  Drone  
  17  1:20  Drone  
  18  1:29  Drone  
  19  1:45  Drone  
  20  1:53  Overlord  
  20  2:01  Queen  
  22  2:03  Queen  
  22  2:04  Zergling x4  
  26  2:11  Metabolic Boost  
  26  2:14  Drone  
  27  2:17  Drone  
  28  2:26  Drone x2  
  30  2:40  Hatchery  
  29  2:45  Drone  
  29  2:47  Queen  
  32  2:51  Drone  
  32  2:54  Overlord  
  32  2:57  Drone  
  34  2:59  Drone  
  34  3:03  Drone  
  36  3:12  Drone x3  
  39  3:15  Drone x3  
  39  3:18  Drone  
  43  3:23  Overlord  
  43  3:24  Drone  
  44  3:31  Roach Warren  
  43  3:35  Zergling x2  
  43  3:40  Extractor  
  43  3:41  Extractor, Zergling x4  
  44  3:51  Drone x3  
  45  3:57  Overlord  
  45  3:58  Drone x2  
  45  4:00  Overlord  
  45  4:02  Overlord  
  47  4:12  Roach x4  
  47  4:13  Roach  
  47  4:16  Roach x2  
  61  4:21  Roach  
  63  4:24  Roach  
  63  4:30  Spore Crawler  
  64  4:33  Ravager  
  64  4:36  Roach x2  
  69  4:43  Ravager  
  69  4:45  Spore Crawler  
  69  4:47  Drone x6  
  69  4:50  Drone x2  
  77  4:55  Drone x2  
  77  4:58  Drone x2  
  78  5:00  Drone  
  78  5:03  Drone  
  78  5:04  Drone  
  78  5:10  Spore Crawler  
  78  5:12  Lair  
  78  5:13  Drone  
  78  5:23  Queen  
  78  5:24  Queen  
  78  5:27  Overlord  
  82  5:38  Overlord  
  82  5:45  Drone x9  
  82  5:47  Overlord  
  90  5:54  Extractor  
  88  5:57  Drone x2  
  88  5:58  Drone x5  
  88  6:03  Drone x4  
  98  6:09  Drone x2  
  98  6:10  Overseer  
  100  6:11  Drone x2  
  100  6:12  Drone x2  
  100  6:13  Glial Reconstitution  
  100  6:14  Overseer  
  104  6:22  Extractor  
  104  6:23  Extractor  
  100  6:33  Drone x2  
  100  6:34  Drone x2  
  100  6:38  Evolution Chamber, Hatchery  
  100  6:39  Evolution Chamber  
  101  6:41  Roach x2  
  101  6:42  Overlord x3  
  105  6:47  Overlord x2  
  105  6:54  Ravager  
  105  6:59  Baneling Nest  
  105  7:01  Roach  
  105  7:02  Roach x6  
  119  7:10  Roach x2  
  119  7:13  Drone x6  
  130  7:15  Drone  
  130  7:22  Zerg Melee Weapons Level 1  
  130  7:24  Zerg Ground Armor Level 1  
  130  7:27  Ravager x2  
  132  7:30  Overlord  
  124  7:45  Zergling x12  
  124  7:46  Zergling x8  
  124  7:48  Centrifical Hooks  
  124  7:50  Infestation Pit  
  133  7:53  Drone x2  
  133  7:56  Hatchery  
  134  8:00  Zergling x12  
  134  8:02  Ravager x4  
  134  8:04  Baneling  
  134  8:05  Baneling x4  
  144  8:06  Overlord  
  144  8:09  Zergling x14  
  144  8:10  Ravager x2  
  144  8:12  Spore Crawler  
  152  8:15  Baneling x2, Zergling x2  
  152  8:16  Zergling x10  
  155  8:25  Zergling x6  
  155  8:26  Hive  
  152  8:29  Drone  
  152  8:32  Ravager x2, Overlord  
  152  8:33  Drone x3  
  158  8:35  Drone  
  158  8:36  Drone  
  158  8:38  Drone  
  161  8:43  Zergling x6  
  164  8:48  Baneling  
  164  8:49  Baneling x4  
  164  8:50  Infestor x2, Overlord x3  
  168  8:58  Zergling x4  
  154  9:11  Zergling x22  
  154  9:15  Zergling x6  
  149  9:23  Zergling x2  
  149  9:24  Zergling x8  
  152  9:26  Extractor, Hatchery  
  152  9:29  Burrow, Zergling x2  
  151  9:33  Zergling x6  
  151  9:34  Zergling x2  
  151  9:38  Baneling x4  
  155  9:40  Zerg Ground Armor Level 2, Zerg Melee Weapons Level 2  
  155  9:41  Adrenal Glands  
  155  9:42  Viper  
  155  9:43  Viper  
  161  9:50  Drone x6  
  161  9:51  Drone  
  168  9:59  Ultralisk Cavern, Zergling x12  
  173  10:08  Baneling x2  
  173  10:09  Baneling x2  
  172  10:16  Zergling x26  
  172  10:17  Zergling x6  
  188  10:21  Zergling x4  
  188  10:28  Drone x3, Overlord  
  190  10:29  Drone  
  190  10:42  Zergling x20  
  200  10:44  Baneling x3  
  200  10:45  Baneling x5  
  200  10:47  Spore Crawler  
  198  10:53  Baneling x2  
  197  11:00  Baneling x3  
  197  11:01  Baneling, Zergling x6  
  200  11:07  Chitinous Plating  
  200  11:12  Extractor  
  200  11:13  Extractor, Spine Crawler  
  200  11:14  Spine Crawler  
  200  11:15  Spore Crawler  
  200  11:16  Spine Crawler  
  194  11:20  Drone x3  
  194  11:21  Drone x3  
  194  11:22  Baneling  
  194  11:23  Baneling x5  
  177  11:40  Zergling x36  
  177  11:41  Zergling x2  
  177  11:42  Zergling x8  
  198  11:57  Zerg Melee Weapons Level 3, Zerg Ground Armor Level 3  
  198  12:00  Hatchery  
  191  12:01  Ultralisk x2  
  191  12:03  Zergling x4  
  199  12:10  Baneling x2  
  195  12:18  Zergling x2, Hatchery  
  195  12:19  Zergling x22  
  195  12:20  Zergling x4  
  195  12:22  Hatchery  
  184  12:25  Baneling x9  
  184  12:26  Anabolic Synthesis  
  178  12:31  Zergling x12  
  178  12:33  Zergling x2  
  178  12:34  Zergling x4  
  178  12:36  Zergling x4  
  189  12:42  Baneling x5  
  190  12:45  Zergling x2  
  190  12:46  Zergling x18  
  190  12:48  Baneling x7  
  199  12:51  Zergling x2  
  199  12:58  Zergling x4  
  196  13:06  Zergling x2  
  196  13:07  Zergling x6  
  199  13:13  Baneling x6  
  199  13:19  Zergling x20  
  200  13:20  Zergling x6  
  194  13:28  Zergling x12  
  194  13:29  Zergling x6  
  198  13:40  Zergling x10  
  165  13:43  Zergling x2  
  165  13:44  Zergling x2  
  165  13:46  Baneling x5  
  165  13:48  Ultralisk x2, Zergling x4  
  160  13:53  Zergling x4  
  160  13:54  Zergling x2  
  162  13:59  Zergling x4  
  162  14:00  Baneling  
  163  14:04  Baneling x4, Viper  
  163  14:05  Baneling  
  163  14:06  Ultralisk x2  
  163  14:09  Drone x3  
  181  14:10  Drone  
  181  14:11  Drone x2  
  181  14:14  Zergling x6  
  181  14:15  Zergling x2  
  188  14:23  Baneling  
  188  14:26  Baneling x9  
  188  14:27  Zergling x6  
  188  14:28  Zergling x10  
  196  14:32  Spore Crawler  
  196  14:33  Zergling x8  
  199  14:39  Spire  
  199  14:40  Baneling, Zerg Missile Weapons Level 1  
  199  14:44  Zergling x2  
  199  15:00  Zergling x2  
  199  15:03  Baneling x13  
  184  15:16  Zergling x14  
  184  15:17  Zergling x10  
  186  15:28  Zergling x24  
  186  15:36  Zergling x2  
  186  15:37  Zergling x36  
  186  15:39  Zergling x2  
  186  15:40  Hatchery, Zergling x12  
  186  15:41  Baneling x8  
  199  15:47  Zergling x6  
  159  16:07  Ultralisk x3  
  159  16:09  Zergling x10  
  168  16:17  Corruptor x5  
  171  16:19  Zergling x4  
  171  16:20  Baneling x2  
  173  16:27  Corruptor x2  
  173  16:29  Zergling x8  
  180  16:37  Zergling x16  
  180  16:40  Zergling x8  
  180  16:43  Baneling x3  
  180  16:44  Zergling x2  
  180  16:45  Zergling x2  
  184  16:48  Zergling x8  
  184  16:51  Baneling  
  184  16:52  Baneling x5  
  188  16:54  Zergling x2  
  173  17:04  Zergling x4  
  173  17:06  Ultralisk  
  173  17:07  Zergling x6  
  173  17:08  Zergling x2  
  151  17:15  Zergling x16  
  151  17:22  Baneling x5  
  153  17:25  Zergling x14  
  153  17:27  Drone  
  161  17:33  Zergling x16  
  169  17:39  Ultralisk  
  169  17:42  Zergling x6  
  169  17:43  Baneling, Zergling x2  
  169  17:44  Baneling  
  179  17:45  Baneling x2  
  179  17:53  Hatchery  
  179  17:56  Baneling x2, Zergling x2  
  179  17:57  Zergling x10  
  184  18:01  Baneling x3, Zergling x2  
  184  18:02  Zergling x2  
  186  18:06  Zergling x8  
  163  18:29  Corruptor x2  
  163  18:30  Zergling x2  
  163  18:31  Zergling x14  
  163  18:33  Zergling x22  
  154  18:39  Ultralisk  
  130  18:41  Zergling x4  
  130  18:46  Zergling x2  
  130  18:47  Zergling x8  
  137  18:50  Zergling x2  
  137  18:51  Zergling x4  
  137  18:52  Baneling  
  137  18:53  Baneling x4  
  137  18:54  Baneling x3  
  140  18:58  Baneling x2, Zergling x4  
  140  18:59  Zergling x8  
  140  19:01  Baneling  
  140  19:02  Baneling  
  146  19:05  Zergling x2  
  146  19:06  Zergling x8  
  151  19:12  Zergling x6  
  151  19:13  Baneling x3  
  154  19:19  Baneling  
  154  19:20  Baneling, Hatchery  
  154  19:21  Zergling x4  
  155  19:24  Zergling x2  
  155  19:25  Zergling x4  
  155  19:30  Zergling x10  
  163  19:36  Spore Crawler  
  162  19:39  Zergling x10  
  162  19:40  Zergling x2  
  162  19:44  Baneling x3  
  157  20:07  Corruptor x8  
  139  20:09  Zergling x2  
  139  20:10  Zergling x2  
  140  20:20  Zergling x4  
  140  20:21  Zergling x16  
  141  20:24  Baneling x3  
  141  20:25  Baneling x3  
  141  20:26  Baneling  

Tags
 
Add a new tag
Caveats
  • Supply blocks, unpowered buildings, or Contaminate may cause inaccurate times.
  • Supply counts are checked every 10 seconds.